 Dungeon Crawl Stone Soup version bcrawl-1.23 (webtiles) character file.

Game seed: 11072596436924529806

1033 Freyura the Cudgeler (level 8, -6/49 HPs)
             Began as a Gargoyle Fighter on May 28, 2020.
             Was a Priest of Ashenzari.
             Mangled by an orc warrior
             ... wielding a +0 broad axe
              (9 damage)
             ... on level 6 of the Dungeon.
             The game lasted 00:13:35 (5388 turns).

Freyura the Cudgeler (Gargoyle Fighter)             Turns: 5388, Time: 00:13:36

Health: -6/49      AC: 16    Str: 25    XL:     8   Next: 24%
Magic:  8/8        EV: 10    Int:  8    God:    Ashenzari [***...]
Gold:   227        SH: 17    Dex: 18    Spells: 7/7 levels left

rFire    . . .     SeeInvis +   a - +0 flail (curse)
rCold    . . .     Gourm    .   o - +0 large shield (curse)
rNeg     + . .     Faith    .   u - +2 ring mail of Zulu Wam {Str+4 Dex+2} (curse)
rPois    ∞         Spirit   .   q - +0 helmet (curse)
rElec    +         Reflect  .   d - +0 cloak (curse)
rCorr    .         Harm     .   (no gloves)
MR       .....                  (no boots)
Stlth    ++........             (no amulet)
HPRegen  0.16/turn              (no ring)
MPRegen  0.11/turn              (no ring)

@: agile, swift, flying, quick
A: negative energy resistance 1, electricity resistance, unbreathing,
petrification resistance, rot immunity, AC +5
a: Curse Item, Scrying, Renounce Religion


You were on level 6 of the Dungeon.
You worshipped Ashenzari.
Ashenzari was most pleased with you.
You were hungry.

You visited 2 branches of the dungeon, and saw 7 of its levels.

You collected 227 gold pieces.

Inventory:

Hand Weapons
 a - a cursed +0 flail (weapon)
Armour
 d - a cursed +0 cloak (worn)
 o - a cursed +0 large shield (worn)
 q - a cursed +0 helmet (worn)
 u - the cursed +2 ring mail of Zulu Wam (worn) {Str+4 Dex+2}
   (You found it on level 4 of the Dungeon)

   It affects your strength (+4).
   It affects your dexterity (+2).
   It has a curse placed upon it.
Wands
 r - a wand of flame (19)
Scrolls
 c - a scroll of silence {unknown}
 f - a scroll of fear
 i - 4 scrolls of remove curse
 k - 3 scrolls of immolation {unknown}
 l - 3 scrolls of teleportation {unknown}
 p - 2 scrolls of enchant weapon
 s - 2 scrolls of identify
 t - 2 scrolls of amnesia {unknown}
 v - a scroll of blinking {unknown}
Potions
 g - 3 potions of brilliance
 h - a potion of agility
 j - a potion of lignification
 m - a potion of curing
 n - a potion of haste
Comestibles
 e - 11 rations {!d}


   Skills:
 + Level 5.3 Fighting
 * Level 5.7(8.7) Maces & Flails
 + Level 5.2(7.1) Armour
 + Level 2.7(4.3) Dodging
 + Level 5.3(7.2) Shields


You had 7 spell levels left.
You didn't know any spells.
Your spell library was empty.

Dungeon Overview and Level Annotations

Branches:
Dungeon (6/12)             Temple (1/1) D:5

Altars:
Ashenzari
Cheibriados
Dithmenos
Elyvilon
Gozag
Hepliaklqana
Kikubaaqudgha
Lugonu
Makhleb
Nemelex Xobeh
Okawaru
Qazlal
Ru
Sif Muna
Trog
Vehumet
Wu Jian
Xom
Yredelemnul
Zin
The Shining One


Innate Abilities, Weirdness & Mutations

You are resistant to torment.
Your stone body is resilient. (AC +5)
You are immune to poison.
You resist negative energy. (rN+)
You are resistant to electric shocks. (rElec)
You can survive without breathing.
You are immune to petrification.
You are immune to rotting.


Message History

You barely miss the orc warrior. You block the orc warrior's attack.
You barely miss the orc warrior.
The orc warrior hits you with a +0 broad axe!
* * * LOW HITPOINT WARNING * * *
You sock the orc warrior!
The orc warrior is moderately wounded.
The orc warrior hits you with a +0 broad axe.
* * * LOW HITPOINT WARNING * * *
You hit the orc warrior but do no damage.
The orc warrior is moderately wounded.
You block the orc warrior's attack.
It was a potion of flight.
You feel very buoyant.
You fly up into the air.
You block the orc warrior's attack.
You feel agile all of a sudden. You block the orc warrior's attack.
You hit the orc warrior.
The orc warrior is moderately wounded.
The orc warrior hits you with a +0 broad axe!
You die...

#### ,,,?.# ,*
**#.# *,
####.##
#.....# * * #.
#{<#
#.##.##K.## *
#....@ooK.#
####.####.#
,,, #.* #{..#
#.*#K....#
#.#.......#
#....._..... ,
#.#.......#..
#.##.....##...
#,*##...## ..


You could see an orc warrior, a big kobold, an orc and a kobold.

Vanquished Creatures
  A phantom (D:4)
  3 ogres
  A bullfrog (D:6)
  Blork the orc (D:5)
  2 howler monkeys
  5 crimson imps
  Crazy Yiuf (D:3)
  An orc priest (D:5)
  3 orc wizards
  An iguana (D:4)
  5 adders
  An adder zombie (D:4)
  5 worms
  2 dart slugs (D:1)
  4 leopard geckos
  6 orcs
  A giant cockroach (D:3)
  6 goblins
  12 hobgoblins
  5 jackals
  2 quokkas
  2 bats (D:2)
  2 frilled lizards (D:3)
  9 kobolds
  2 quokka zombies (D:5)
  6 rats
89 creatures vanquished.

Notes
Turn   | Place    | Note
-------+----------+-------------------------------------------
     0 | D:1      | Freyura the Gargoyle Fighter began the quest for the Orb.
     0 | D:1      | Reached XP level 1. HP: 14/14 MP: 1/1
    46 | D:1      | Found a shattered altar of Ashenzari.
    57 | D:1      | Reached XP level 2. HP: 12/19 MP: 2/2
    66 | D:1      | Became a worshipper of Ashenzari the Shackled
   594 | D:1      | Reached XP level 3. HP: 23/23 MP: 3/3
   850 | D:1      | Reached * piety under Ashenzari
  1297 | D:2      | Reached skill level 1 in Dodging
  1297 | D:2      | Reached XP level 4. HP: 19/29 MP: 4/4
  1445 | D:2      | Reached XP level 5. HP: 33/33 MP: 5/5
  2349 | D:3      | Reached ** piety under Ashenzari
  2386 | D:3      | Found a runed door.
  2608 | D:3      | Reached XP level 6. HP: 38/38 MP: 6/6
  3253 | D:3      | Noticed Crazy Yiuf
  3256 | D:3      | Killed Crazy Yiuf
  3593 | D:4      | Reached XP level 7. HP: 44/44 MP: 7/7
  3620 | D:4      | Found an ancient bone altar of Kikubaaqudgha.
  4012 | D:4      | Reached skill level 5 in Maces & Flails
  4272 | D:4      | Got the uncursed ring mail of Zulu Wam {Str+4 Dex+2}
  4273 | D:4      | Found a burning altar of Makhleb.
  4391 | D:4      | Identified the +2 ring mail of Zulu Wam {Str+4 Dex+2} (You
                  | found it on level 4 of the Dungeon)
  4446 | D:5      | Entered Level 5 of the Dungeon
  4446 | D:5      | Noticed Blork the orc
  4465 | D:5      | Killed Blork the orc
  4465 | D:5      | Reached skill level 5 in Shields
  4477 | D:5      | Reached skill level 5 in Fighting
  4724 | D:5      | Reached skill level 5 in Armour
  4724 | D:5      | Reached XP level 8. HP: 49/49 MP: 8/8
  4729 | D:5      | Found a radiant altar of Vehumet.
  4740 | D:5      | Reached *** piety under Ashenzari
  4754 | D:5      | Found an ornate altar of the Wu Jian Council.
  4793 | D:5      | Found a staircase to the Ecumenical Temple.
  4809 | Temple   | Entered the Ecumenical Temple
  4987 | D:5      | Found a shattered altar of Ashenzari.
  5255 | D:5      | Found a basalt altar of Yredelemnul.
  5353 | D:6      | Found a corrupted altar of Lugonu.
  5384 | D:6      | HP: 2/49 [orc warrior/+0 broad axe (2)]
  5388 | D:6      | Mangled by an orc warrior

Skill      XL: |  1  2  3  4  5  6  7 |
---------------+----------------------+-----
Maces & Flails | 3 4 5 |  5.7
Dodging        | 1 2 |  2.7
Shields        | 4 5 |  5.3
Fighting       | 4 5 |  5.3
Armour         | 4 5 |  5.2

Action                   |  1- 3 |  4- 6 |  7- 9 || total
-------------------------+-------+-------+-------++-------
Melee: Flail             |    85 |   186 |   156 ||   427
Invok: Curse Item        |     2 |     2 |     2 ||     6
  Use: Scroll            |       |     2 |     5 ||     7
       Potion            |       |     2 |     2 ||     4
  Eat: Chunk             |     1 |     8 |     5 ||    14
Armor: Scale mail        |    46 |    89 |    15 ||   150
       Ring mail         |       |       |    36 ||    36
Dodge: Dodged            |    12 |    53 |    27 ||    92
Block: Medium shield     |    50 |   101 |    32 ||   183
       Large shield      |       |       |    70 ||    70
